 Dungeon Crawl Stone Soup version 0.32-a0-968-g61e5eb5241 (webtiles) character file.

Game seed: 1125266257216158119

159 Ajdolov the Magician (level 5, 0/35 HPs)
             Began as a Mummy Ice Elementalist on Apr 17, 2024.
             Slain by a scorpion (1 damage)
             ... on level 5 of the Dungeon.
             The game lasted 00:03:20 (2312 turns).

Ajdolov the Magician (Mummy Ice Elementalist)       Turns: 2312, Time: 00:03:20

Health: 0/35       AC:  9    Str: 12    XL:     5   Next: 17%
Magic:  0/12       EV: 11    Int: 16    God:
Gold:   113        SH:  0    Dex: 12    Spells: 4/14 levels left

rFire   x . .        (no weapon)
rCold   + . .        (no shield)
rNeg    + + +        a - +0 robe
rPois   ∞            (no helmet)
rElec   .            (no cloak)
rCorr   .            g - +0 pair of gloves
SInv    .            (no boots)
Will    .....        (no amulet)
Stlth   ++           (no ring)
HPRegen 0.25/turn    (no ring)
MPRegen 0.13/turn

%: faith
@: ice-armoured, freezing walls
A: cold resistance 1, negative energy resistance 3, torment resistance 2, heat
vulnerability 1, in touch with death 1, no potions, faith
a: no special abilities


You were on level 5 of the Dungeon.
You visited 1 branch of the dungeon, and saw 4 of its levels.

You collected 113 gold pieces.

Inventory:

Armour
 a - a +0 robe (worn)
 g - a +0 pair of gloves (worn)
Scrolls
 b - a scroll of noise {unknown}
 c - a scroll of silence {unknown}
 d - 2 scrolls of enchant weapon {unknown}
 e - 2 scrolls of immolation {unknown}
 f - 2 scrolls of identify {unknown}


   Skills:
 - Level 1.5 Dodging
 - Level 1.5 Stealth
 + Level 5.0 Spellcasting
 + Level 4.4 Ice Magic


You had 4 spell levels left.
You knew the following spells:

 Your Spells              Type           Power      Damage    Failure   Level
a - Freeze                Ice            72%        1d8       2%          1
b - Frozen Ramparts       Ice            36%        1d6       8%          3
c - Ozocubu's Armour      Ice            18%        N/A       8%          3
d - Summon Ice Beast      Ice/Summ       11%        N/A       19%         3

Your spell library contained the following spells:

 Spells                   Type           Power      Damage    Failure   Level
 Sandblast                Erth           8%         2d5       16%         1
 Passwall                 Erth           4%         N/A       41%         3
 Stone Arrow              Conj/Erth      8%         3d7       41%         3


Dungeon Overview and Level Annotations

Branches:
Dungeon (3/15)

Altars:


Innate Abilities, Weirdness & Mutations

You are immune to poison.
Your flesh is cold resistant. (rC+)
You are immune to negative energy. (rN+++)
You are immune to unholy pain and torment.
You are vulnerable to heat. (rF-)
You are in touch with the powers of death.
You do not drink.
You have a special connection with the divine. (Faith)


Message History

The iguana is no longer moving slowly.
The wall freezes the scorpion. x2
Unknown command.
You closely miss the iguana.
The iguana is severely wounded.
The wall freezes the iguana.
The iguana bites you.
* * * LOW HITPOINT WARNING * * *
The wall freezes the iguana.
The wall freezes the scorpion but does no damage.
Unknown command.
You hit the iguana but do no damage.
The iguana is almost dead.
The iguana is no longer moving slowly.
The wall freezes the iguana but does no damage.
The iguana barely misses you.
The wall freezes the scorpion.
The wall freezes the iguana.
The iguana seems to slow down.
Unknown command.
You hit the iguana.
You kill the iguana!
The wall freezes the scorpion but does no damage.
Your Spellcasting skill increases to level 5!
You have reached level 5!
You feel stronger.
You hit the scorpion but do no damage.
The scorpion is severely wounded.
The frozen ramparts melt away.
The scorpion stings you.
* * * LOW HITPOINT WARNING * * *
Unknown command.
Casting: Freeze (safe; 2% risk of failure)
Confirm with . or Enter, or press ? or * to list all spells.
Casting: Frozen Ramparts (dangerous; 8% risk of failure)
Press: ? - help, Dir - look around, f - activate The walls around you are covered in ice.
The wall freezes the scorpion.
The scorpion closely misses you.
The wall freezes the scorpion.
The scorpion stings you.
* * * LOW HITPOINT WARNING * * *
The wall freezes the iguana but does no damage.
You hit the scorpion but do no damage.
The scorpion is severely wounded.
The wall freezes the scorpion.
The scorpion stings you.
You die...

..sl## ##..## #...# ...## ##..#
#...# $.## #..## #...# ..? ##..##
#...# .... .#####..## ##...######
...............## #....#.....
................# #####....#.....
.........###..ls###.............#
.......# #####@.....####......# #
#.###### ####.... #.# ##### ..#
#..# #..# #.## ##


You could see a scorpion and an iguana (slow).

Vanquished Creatures
  A scorpion (D:5)
  An iguana (D:5)
  2 adders
  2 ribbon worms (D:2)
  A dart slug (D:1)
  5 bats
  5 endoplasms
  3 giant cockroaches (D:1)
  5 goblins
  4 hobgoblins
  3 quokkas
  4 ball pythons
  5 frilled lizards
  3 kobolds
  2 rats
46 creatures vanquished.

Notes
Turn   | Place    | Note
-------+----------+-------------------------------------------
     0 | D:1      | Ajdolov the Mummy Ice Elementalist began the quest for the
                  | Orb.
     0 | D:1      | Reached XP level 1. HP: 13/13 MP: 4/4
   115 | D:1      | Reached skill level 3 in Spellcasting
   203 | D:1      | Reached XP level 2. HP: 11/19 MP: 3/6
   919 | D:1      | Reached XP level 3. HP: 24/24 MP: 5/8
  1039 | D:1      | Learned a level 3 spell: Frozen Ramparts
  1043 | D:1      | Learned a level 3 spell: Ozocubu's Armour
  1168 | D:2      | Reached skill level 4 in Spellcasting
  1238 | D:2      | Learned a level 3 spell: Summon Ice Beast
  1980 | D:3      | You fall into a shaft and drop 2 floors!
  1980 | D:5      | Entered Level 5 of the Dungeon
  2119 | D:5      | Reached XP level 4. HP: 30/30 MP: 6/10
  2226 | D:5      | Noticed a scorpion
  2235 | D:5      | Killed a scorpion
  2280 | D:5      | Noticed a scorpion
  2310 | D:5      | Reached skill level 5 in Spellcasting
  2310 | D:5      | Reached XP level 5. HP: 11/35 MP: 3/12
  2311 | D:5      | HP: 1/35 [scorpion (5)]
  2312 | D:5      | Slain by a scorpion

Illustrated notes

Levels and vault maps discovered:
D:1:      spicycebolla_arrival_ecumenical, layout_basic
D:2:      layout_loops_ring
D:3:      layout_loops_ring, led_xom_imps, kennysheep_ying_yang, uniq_robin,
          uniq_crazy_yiuf_cottage
D:5:      layout_cave_pods, minmay_misc_feat_iff, kennysheep_generic_room_6,
          uniq_blork_the_orc, uniq_duvessa, uniq_menkaure, uniq_prince_ribbit1

Skill      XL: |  1  2  3  4 |
---------------+-------------+-----
Spellcasting   | 3 4 5 |  5.0
Ice Magic      | 4 |  4.4
Dodging        | |  1.5
Stealth        | |  1.5

Action                     |  1- 3 |  4- 6 || total
---------------------------+-------+-------++-------
  Melee: Unarmed           |    26 |     8 ||    34
   Cast: Freeze            |    75 |     4 ||    79
         Frozen Ramparts   |       |     3 ||     3
         Ozocubu's Armour  |       |     2 ||     2
 Armour: Robe              |    53 |    10 ||    63
  Dodge: Dodged            |    70 |     3 ||    73

Table legend: (Time is in decaauts)
 A = Elapsed time spent in this place.
 B = Non-inter-level travel time spent in this place.
 C = Inter-level travel time spent in this place.
 D = Time resting spent in this place.
 E = Time spent auto-exploring this place.
 F = Levels seen in this place.
 G = Mean time per level.
                   A        B        C        D        E       F      G
               +--------+--------+--------+--------+--------+-----+--------+
         Total |   2311 |   2265 |     46 |     94 |   1772 |   4 |  577.8 |
       Dungeon |   2311 |   2265 |     46 |     94 |   1772 |   4 |  577.8 |
               +--------+--------+--------+--------+--------+-----+--------+

Top non-repeatable levels by time:
     D:1: 1044 daAuts
     D:2: 864 daAuts
     D:5: 331 daAuts
     D:3: 70 daAuts
